 Dungeon Crawl Stone Soup version 0.29.0-4-gdea44cf6ec (webtiles) character file.

Game seed: 13600502764304125022

39 qw the Sneak (level 3, 0/28 HPs)
             Began as a Ghoul Enchanter on Sept 4, 2022.
             Slain by Sigmund
             ... wielding a +0 scythe
              (6 damage)
             ... on level 2 of the Dungeon.
             The game lasted 00:00:42 (1536 turns).

qw the Sneak (Ghoul Enchanter)                      Turns: 1536, Time: 00:00:43

Health: 0/28       AC:  6    Str: 17    XL:     3   Next: 45%
Magic:  4/4        EV: 10    Int: 10    God:
Gold:   66         SH:  0    Dex:  9    Spells: 5/5 levels left

rFire   . . .      SeeInvis .     - Unarmed
rCold   + + +      Faith    .   (no shield)
rNeg    + + +      Spirit   .   f - +0 ring mail
rPois   inf        Reflect  .   (no helmet)
rElec   .          Harm     .   (no cloak)
rCorr   .          Rampage  .   a - +0 pair of gloves of the Nine Mashing Wars {rC++ Str+4}
Will    .....                   (no boots)
Stlth   ..........              (no amulet)
HPRegen 0.00/turn               (no ring)
MPRegen 0.09/turn               (no ring)

@: confused, inhibited regen
A: claws 1, cold resistance 1, negative energy resistance 3, inhibited
regeneration, torment resistance 2, devour on kill
a: no special abilities


You were on level 2 of the Dungeon.
You visited 1 branch of the dungeon, and saw 2 of its levels.

You collected 66 gold pieces.


Innate Abilities, Weirdness & Mutations

You are immune to poison.
You have sharp fingernails.
Your flesh is cold resistant. (rC+)
You are immune to negative energy. (rN+++)
You do not regenerate when monsters are visible.
You are immune to unholy pain and torment.
You thrive by killing the living.


   Skills:
 - Level 1.1 Fighting
 - Level 0.8 Short Blades
 - Level 1.7 Dodging
 - Level 3.2 Stealth
 + Level 2.9 Unarmed Combat
 - Level 1.7 Spellcasting
 - Level 2.4 Hexes


You had 5 spell levels left.
You didn't know any spells.
Your spell library contained the following spells:

 Spells                   Type           Power      Damage    Failure   Level
 Ensorcelled Hibernation  Hex/Ice        6%         N/A       50%         2
 Confusing Touch          Hex            5%         N/A       54%         3
 Tukima's Dance           Hex            5%         N/A       54%         3
 Dazzling Flash           Conj/Hex       6%         N/A       73%         3

Inventory:

Armour
 a - the +0 pair of gloves of the Nine Mashing Wars (worn) {rC++ Str+4}
   (You acquired it on level 1 of the Dungeon)

   Str:       It affects your strength (+4).
   rC:        It greatly protects you from cold.
 f - a +0 ring mail (worn)
Potions
 b - a potion of haste {unknown}
 d - a potion of brilliance {unknown}
 e - a potion of curing {unknown}
 j - a potion of magic {unknown}

Dungeon Overview and Level Annotations

Branches:
Dungeon (2/15)

Altars:

Shops:
D:1 (

Annotations:
D:2 Sigmund


Message History

You hit the worm.
The worm is almost dead.
The worm closely misses you.
You hit the worm.
The worm is almost dead.
You hit the worm.
You kill the worm!
You feel better.
You start resting.
HP restored.
A giant cockroach comes into view.
You hit the giant cockroach.
You kill the giant cockroach!
Found 6 stones.
b - a ruby potion Sigmund the Dreaded comes into view.
He is wielding a +0 scythe.
Found a helmet.
Found a stone staircase leading up.
Sigmund shouts!
1525 ||| Stepping ~*~*~tactically~*~*~ (hiding).
You start waiting.
Sigmund is nearby!
You closely miss Sigmund. Sigmund hits you but does no damage.
You hit Sigmund.
Sigmund is lightly wounded.
Sigmund casts a spell at you.
You are confused.
Sigmund casts a spell at you. The puff of flame hits you!
You bump into the rock wall.
Sigmund hits you from afar with a +0 scythe.
You bump into the rock wall.
You bump into the rock wall.
Sigmund hits you but does no damage. Sigmund casts a spell at you.
The magic dart hits you.
You hit Sigmund.
Sigmund is moderately wounded.
Sigmund hits you with a +0 scythe.
You die...

#.................
.#........#.###.#.#
.........###.#
#.####....##># #
#.......##.#
#.#.#...##.#
#.#.....##.#
#.......#
#####@@.##.#
..<....#.....#
...###.####### #.
#@ .. .. .[


You could see Sigmund.

Vanquished Creatures
  An adder (D:1)
  A worm (D:2)
  A dart slug (D:1)
  2 ball pythons (D:1)
  2 endoplasms (D:1)
  2 giant cockroaches
  4 jackals (D:1)
  5 kobolds (D:1)
  2 bats (D:1)
  A frilled lizard (D:1)
  A goblin (D:1)
  A rat (D:1)
23 creatures vanquished.

Vanquished Creatures (others)
  A plant (D:1)
1 creature vanquished.

Grand Total: 24 creatures vanquished

Notes
Turn   | Place    | Note
-------+----------+-------------------------------------------
     0 | D:1      | qw the Ghoul Enchanter began the quest for the Orb.
     0 | D:1      | Reached XP level 1. HP: 14/14 MP: 2/2
     0 | D:1      | 0 ||| qw: Version: 0.1-a-103-gd6f5d3a
     0 | D:1      | 0 ||| qw: Game counter: 5744
     0 | D:1      | 0 ||| qw: Always use a shield: true
     0 | D:1      | 0 ||| qw: God list: Okawaru
     0 | D:1      | 0 ||| qw: Allow faded altars: false
     0 | D:1      | 0 ||| qw: Do Orc after D:15 true
     0 | D:1      | 0 ||| qw: Do second Lair branch before Depths: true
     0 | D:1      | 0 ||| qw: Lair rune preference: random
     0 | D:1      | 0 ||| qw: Plans: Normal
     0 | D:1      | 0 ||| PLANNING D:1-11
     1 | D:1      | 1 ||| DROPPING +1 dagger.
    51 | D:1      | HP: 3/14 [kobold/+0 dagger (2)]
    52 | D:1      | HP: 1/14 [kobold/+0 dagger (2)]
   401 | D:1      | 401 ||| Stepping ~*~*~tactically~*~*~ (stealth).
   403 | D:1      | 403 ||| Stepping ~*~*~tactically~*~*~ (stealth).
   405 | D:1      | 405 ||| Stepping ~*~*~tactically~*~*~ (stealth).
   406 | D:1      | 406 ||| Stepping ~*~*~tactically~*~*~ (stealth).
   412 | D:1      | Reached skill level 1 in Unarmed Combat
   606 | D:1      | Reached XP level 2. HP: 19/22 MP: 3/3
   704 | D:1      | Reached skill level 1 in Fighting
   902 | D:1      | Found Syxapler's Antique Weapon Boutique.
  1072 | D:1      | 1072 ||| Stepping ~*~*~tactically~*~*~ (stealth).
  1077 | D:1      | 1077 ||| Stepping ~*~*~tactically~*~*~ (stealth).
  1078 | D:1      | 1078 ||| Stepping ~*~*~tactically~*~*~ (stealth).
  1080 | D:1      | 1080 ||| Stepping ~*~*~tactically~*~*~ (stealth).
  1082 | D:1      | 1082 ||| Stepping ~*~*~tactically~*~*~ (stealth).
  1087 | D:1      | 1087 ||| Stepping ~*~*~tactically~*~*~ (stealth).
  1202 | D:1      | Found a faded altar of an unknown god.
  1217 | D:1      | 1217 ||| UPGRADING to +0 ring mail.
  1227 | D:1      | 1227 ||| DROPPING +0 robe.
  1228 | D:1      | 1228 ||| READING 2 scrolls labelled LYOKHL BUW FAOSAPH.
  1229 | D:1      | 1229 ||| READING scroll labelled DAGIKK ENKIHOT.
  1230 | D:1      | 1230 ||| READING scroll labelled KEYDYNA BOSUPEGYC.
  1230 | D:1      | Identified a scroll of acquirement
  1230 | D:1      | 1230 ||| ACQUIRING +0 pair of gloves of the Nine Mashing
                  | Wars {rC++ Str+4}
  1230 | D:1      | Acquired the +0 pair of gloves of the Nine Mashing Wars
                  | {rC++ Str+4}
  1232 | D:1      | 1232 ||| UPGRADING to +0 pair of gloves of the Nine Mashing
                  | Wars {rC++ Str+4}.
  1237 | D:1      | 1237 ||| READING scroll labelled ZORI JON QINA.
  1238 | D:1      | 1238 ||| READING scroll labelled HOJUGR BAAG.
  1239 | D:1      | 1239 ||| READING scroll labelled LUX TUONID.
  1240 | D:1      | 1240 ||| READING scroll labelled BOTUANNUIJ.
  1241 | D:1      | 1241 ||| DROPPING 2 potions of invisibility.
  1242 | D:1      | 1242 ||| DROPPING scroll of noise.
  1291 | D:2      | 1291 ||| Stepping ~*~*~tactically~*~*~ (stealth).
  1301 | D:2      | 1301 ||| Stepping ~*~*~tactically~*~*~ (outnumbered).
  1302 | D:2      | 1302 ||| STAIRDANCE
  1309 | D:1      | Reached XP level 3. HP: 12/28 MP: 4/4
  1524 | D:2      | Noticed Sigmund
  1525 | D:2      | 1525 ||| Stepping ~*~*~tactically~*~*~ (hiding).
  1535 | D:2      | HP: 6/28 [Sigmund/magic dart (5)]
  1536 | D:2      | Slain by Sigmund

Levels and vault maps discovered:
D:1:      arrival_zaba_pyramid, layout_rooms, chequers_ecumenical_altar_lobes,
          serial_shops, shop, wad_floor_pattern_untrapped
D:2:      kb_forest_paths, layout_basic, basic_altar, serial_shops,
          nicolae_shop_hallway_stairs, uniq_sigmund

Skill      XL: |  1  2 |
---------------+-------+-----
Unarmed Combat | 1 2 |  2.9
Fighting       | 1 |  1.1
Short Blades   | |  0.8
Dodging        | |  1.7
Stealth        | |  3.2
Spellcasting   | |  1.7
Hexes          | |  2.4

Action                   || total
-------------------------++-------
Melee: Unarmed           ||   116
       Punch             ||     4
  Use: Scroll            ||     7
Armor: Robe              ||     3
       Ring mail         ||    20
Dodge: Dodged            ||    82

Table legend:
 A = Non-vault XP
 B = Vault XP
 C = Vault XP percentage of total XP
 D = Non-vault monster count
 E = Vault monster count
 F = Vault count percentage of total count
                 A         B        C        D         E       F
            +---------+---------+-------+---------+---------+-------
      Total |      56 |       0 |   0.0 |      23 |       0 |   0.0
            +---------+---------+-------+---------+---------+-------
        D:1 |      49 |       0 |   0.0 |      21 |       0 |   0.0
        D:2 |       7 |       0 |   0.0 |       2 |       0 |   0.0
            +---------+---------+-------+---------+---------+-------
